 Dungeon Crawl Stone Soup version 0.30.0-10-gfe55d96785 (webtiles) character file.

Game seed: 7243684421513429112

240946 Gabide the Slayer (level 19, -6/234 HPs)
             Began as an Ogre Fighter on May 15, 2023.
             Was an Elder of Elyvilon.
             Shot with an arrow by a naga sharpshooter (14 damage)
             ... on level 4 of the Snake Pit on May 16, 2023.
             The game lasted 01:54:20 (57479 turns).

Gabide the Slayer (Ogre Fighter)                   Turns: 57479, Time: 01:54:22

Health: -6/234     AC: 16    Str: 32    XL:     19   Next: 79%
Magic:  31/33      EV:  7    Int:  9    God:    Elyvilon [****..]
Gold:   532        SH: 12    Dex:  8    Spells: 18/18 levels left

rFire   + . .        a - +3 eveningstar (holy)
rCold   . . .        n - +2 kite shield {reflect}
rNeg    . . .        v - +0 swamp dragon scales
rPois   +            R - +2 hat
rElec   +            p - +2 cloak
rCorr   +            (gloves unavailable)
SInv    +            (boots unavailable)
Will    ++...        Q - amulet "Ginayl Cudo" {Faith rElec rC+ Stlth+}
Stlth   +            c - ring "Eto Ramp" {Fire Fly rCorr Str-2 Slay+3 SInv}
HPRegen 0.59/turn    m - ring "Putsoedusm" {Will+ Str+3}
MPRegen 0.23/turn

%: reflection, faith
@: flying, constricted, studying Axes
A: large, unfitting armour, tough skin 1
}: 1/15 runes: decaying
a: Renounce Religion, Purification, Heal Other, Heal Self


You were on level 4 of the Snake Pit.
You worshipped Elyvilon.
Elyvilon was greatly pleased with you.
You visited 6 branches of the dungeon, and saw 31 of its levels.
You also visited: Sewer and Ice Cave.

You collected 3138 gold pieces.
You spent 2606 gold pieces at shops.

Inventory:

Hand Weapons
 a - a +3 eveningstar of holy wrath (weapon)
Missiles
 j - 10 javelins (quivered)
 M - 5 throwing nets
Armour
 n - a +2 kite shield of reflection (worn)
 p - a +2 cloak (worn)
 v - +0 swamp dragon scales (worn)
 w - +0 acid dragon scales
 R - a +2 hat (worn)
 U - a scarf of repulsion
 V - the +4 skin of Zhor {*Englaciate rC+++ SInv}
   (You found it in an ice cave)

   *Englaciate: It radiates cold, occasionally slowing all nearby creatures who
   are not resistant to cold.
   rC:        It renders you almost immune to cold.
   SInv:      It lets you see invisible.
Jewellery
 c - the ring "Eto Ramp" (left hand) {Fire Fly rCorr Str-2 Slay+3 SInv}
   (You bought it in a shop on level 1 of the Snake Pit)

   [ring of fire]

   It enhances your fire magic.
   Str:       It affects your strength (-2).
   Slay:      It affects your accuracy & damage with ranged weapons and melee
   (+3).
   rF:        It protects you from fire.
   rC:        It makes you vulnerable to cold.
   SInv:      It lets you see invisible.
   Fly:       It grants you flight.
   rCorr:     It protects you from acid and corrosion.
 m - the ring "Putsoedusm" (right hand) {Will+ Str+3}
   (You bought it in a shop on level 1 of the Snake Pit)

   [ring of willpower]

   Str:       It affects your strength (+3).
   Will:      It increases your willpower.
 s - a +5 ring of evasion
 t - a +4 ring of protection
 Q - the amulet "Ginayl Cudo" (around neck) {Faith rElec rC+ Stlth+}
   (You bought it in a shop on level 4 of the Dungeon)

   [amulet of faith]

   It allows you to gain divine favour quickly.
   rC:        It protects you from cold.
   rElec:     It insulates you from electricity.
   Stlth:     It makes you more stealthy.
 X - a +4 ring of slaying
 Z - a ring of flight
Wands
 d - a wand of digging (12)
 y - a wand of quicksilver (16)
 F - a wand of mindburst (7)
 K - a wand of roots (45)
 T - a wand of charming (41)
Scrolls
 b - 2 scrolls of amnesia
 f - 5 scrolls of fear
 g - 21 scrolls of teleportation
 h - 4 scrolls of fog
 i - 3 scrolls of blinking
 l - 19 scrolls of identify
 H - a scroll of vulnerability
 L - 7 scrolls of poison
 P - a scroll of silence
 W - 6 scrolls of summoning
Potions
 e - 2 potions of curing
 o - 5 potions of flight
 q - 5 potions of mutation
 r - a potion of magic
 x - a potion of cancellation
 z - 4 potions of ambrosia
 A - 2 potions of brilliance
 B - a potion of berserk rage
 C - 4 potions of attraction
 D - 5 potions of lignification
 E - 2 potions of heal wounds
 G - a potion of invisibility
 I - 5 potions of haste
 O - 3 potions of might
 Y - a potion of resistance
Miscellaneous
 k - a phantom mirror
 u - a tin of tremorstones (2/2)
 J - a phial of floods
 N - a box of beasts
 S - a lightning rod (4/4)


   Skills:
 + Level 24.0 Fighting
 - Level 16.0 Maces & Flails
 - Level 9.0 Armour
 - Level 9.0 Dodging
 - Level 9.0 Shields
 + Level 20.6 Invocations


You had 18 spell levels left.
You didn't know any spells.
Your spell library contained the following spells:

 Spells                   Type           Power      Damage    Failure   Level
 Beastly Appendage        Tmut           0%         N/A       65%         1
 Blink                    Tloc           0%         N/A       78%         2
 Call Imp                 Summ           0%         N/A       78%         2
 Static Discharge         Conj/Air       0%         2-2/arc   78%         2
 Sublimation of Blood     Necr           0%         N/A       78%         2
 Wereblood                Tmut           0%         N/A       78%         2
 Call Canine Familiar     Summ           0%         N/A       95%         3
 Gell's Gravitas          Tloc           0%         N/A       95%         3
 Ignite Poison            Fire/Tmut/Pois 0%         N/A       95%         3
 Inner Flame              Hex/Fire       0%         N/A       95%         3
 Mephitic Cloud           Conj/Pois/Air  0%         N/A       95%         3
 Ozocubu's Armour         Ice            0%         N/A       95%         3
 Spider Form              Tmut/Pois      0%         N/A       95%         3
 Teleport Other           Tloc           0%         N/A       95%         3
 Airstrike                Air            0%         2d(0-16)  100%        4
 Leda's Liquefaction      Hex/Erth       0%         N/A       100%        4
 Manifold Assault         Tloc           0%         N/A       100%        4
 Passage of Golubria      Tloc           0%         N/A       100%        4
 Petrify                  Tmut/Erth      0%         N/A       100%        4
 Sticky Flame             Conj/Fire      0%         2d3       100%        4
 Summon Lightning Spire   Summ/Air       0%         N/A       100%        4
 Blade Hands              Tmut           0%         N/A       100%        5
 Irradiate                Conj/Tmut      0%         3d11      100%        5
 Lee's Rapid Deconstruct  Erth           0%         3d4*      100%        5
 Metabolic Englaciation   Hex/Ice        0%         N/A       100%        5
 Yara's Violent Unravell  Hex/Tmut       0%         3d3       100%        5
 Dispersal                Tloc           0%         N/A       100%        6
 Simulacrum               Ice/Necr       0%         N/A       100%        6
 Statue Form              Tmut/Erth      0%         N/A       100%        6
 Dragon Form              Tmut           0%         N/A       100%        7
 Enfeeble                 Hex            0%         N/A       100%        7
 Ozocubu's Refrigeration  Ice            0%         4d7       100%        7
 Spellforged Servitor     Conj/Summ      0%         N/A       100%        7
 Storm Form               Tmut/Air       0%         N/A       100%        7
 Ignition                 Fire           0%         3d3       100%        8
 Summon Horrible Things   Summ           0%         N/A       100%        8
 Polar Vortex             Ice            0%         N/A       100%        9


Dungeon Overview and Level Annotations

Branches:
Dungeon (15/15)            Temple (1/1) D:5            Lair (5/5) D:11
  Swamp (4/4) Lair:2        Snake (4/4) Lair:2        Slime (0/5) Lair:4
    Orc (2/2) D:10            Elf (0/3) Orc:2        Vaults (0/5) D:14
 Depths (0/4) D:15          Sewer (visited)           IceCv (visited)

Altars:
Ashenzari
Cheibriados
Dithmenos
Elyvilon
Fedhas
Gozag
Hepliaklqana
Kikubaaqudgha
Makhleb
Nemelex Xobeh
Okawaru
Qazlal
Ru
Sif Muna
Trog
Uskayaw
Vehumet
Wu Jian
Xom
Yredelemnul
Zin
The Shining One
Jiyva
Lugonu

Shops:
D:4 !!*=(   D:7 :   D:12 !   Orc:2 (=?*[   Snake:1 =   Snake:4 [

Portals:
Abyss: Lair:5

Annotations:
D:12 3 runed translucent doors, NoOffense's ghost, journeyman SpDe


Innate Abilities, Weirdness & Mutations

You are too large for most types of armour.
You have tough skin. (AC +1)


Message History

The naga sharpshooter shoots an arrow.
The arrow hits you.
* * * LOW HITPOINT WARNING * * *
The salamander mystic hits you but does no damage.
The naga mage gestures wildly while chanting.
The naga mage seems to speed up.
The naga mage casts a spell at you.
The bolt of poison hits the naga warrior!
The naga warrior looks even sicker.
The bolt of poison hits you.
You are more poisoned.
You resist.
* * * LOW HITPOINT WARNING * * *
The naga sharpshooter barely misses you.
Unknown command.
Okay, then.
You feel purified!
The naga warrior hits you with a +0 war axe!
* * * LOW HITPOINT WARNING * * *
The naga warrior constricts you.
The naga mage hits you from afar with a +0 halberd.
* * * LOW HITPOINT WARNING * * *
The naga sharpshooter spits poison at you.
The splash of poison hits you but does no damage.
You resist.
The naga sharpshooter hits you from afar with a +0 glaive.
* * * LOW HITPOINT WARNING * * *
The salamander mystic casts a spell at you.
The lance of force hits you!!
* * * LOW HITPOINT WARNING * * *
You are knocked back by the lance of force.
You slam into the rock wall!
* * * LOW HITPOINT WARNING * * *
The naga warrior hits you with a +0 war axe!
Elyvilon protects you from harm! The naga warrior constricts you.
The naga mage hits you from afar with a +0 halberd!!
Elyvilon protects you from harm!
The naga sharpshooter casts a spell.
The naga sharpshooter magically shoots an arrow.
The arrow hits you!
You die...

#.......##.....#.##
#......##.#.......#
##.......###...#.##
#.............##..
#.................
#.....#...........
#..#.............. ..
#.#..##.##........
....###@#..#..##........
......NN[.....#.........
##...##NNN############..
......)N.....# #..
.....(.(.....# #..
.............# #..
....#....)#..# #..
.......(.....# #..
#..#........## #.#


You could see a naga warrior (fast, curare, very poisoned), 2 naga
sharpshooters, a salamander mystic (strong) and 2 naga magi.

Vanquished Creatures
  Jorgrun (Orc:2)
  2 tentacled monstrosities (Swamp:4)
  Gastronok (D:11)
  3 fenstrider witches (Swamp:4)
  The ghost of Zlot the Destroyer, an adept DsBr of Gozag (Snake:2)
  5 nagarajas
  Louise (Snake:3)
  4 ghouls
  7 eleionomae
  5 bunyips
  Azrael (D:12)
  A blizzard demon (Swamp:4)
  2 fire dragons (D:15)
  A green death (Swamp:4)
  2 shambling mangroves (Swamp:4)
  2 ogre magi (Swamp:4)
  6 hydras
  A death knight (D:15)
  7 vault guards (D:14)
  13 alligators
  3 centaur warriors (D:14)
  A ghost crab (Swamp:1)
  3 boulder beetles
  15 anacondas
  12 naga warriors
  5 tengu warriors
  7 two-headed ogres
  15 death yaks
  17 naga sharpshooters
  2 thrashing horrors (Lair:5)
  3 spriggans
  Amaemon (D:8)
  4 shock serpents (Snake:3)
  2 soul eaters (Swamp:4)
  Nergalle (Lair:2)
  An orc high priest (Orc:2)
  7 sea snakes
  The ghost of puimuR the Cleaver, a novice VSVM of Cheibriados (D:11)
  2 sixfirhies (Swamp:4)
  The ghost of ripuliukko the Thaumaturge, a novice DEEE of Vehumet (D:10)
  Lodul (D:13)
  7 salamander mystics
  2 spriggan druids
  A large abomination (Lair:5)
  3 goliath frogs
  2 swamp dragons
  Pikel (D:9)
  10 bog bodies
  8 naga ritualists
  2 phantasmal warriors (D:15)
  2 wizards (Swamp:4)
  11 deep elf pyromancers
  2 deep elf zephyrmancers
  5 cyclopes
  11 ugly things
  12 mana vipers
  6 orc knights
  2 manticores
  19 salamanders
  4 will-o-the-wisps
  5 orc sorcerers
  17 naga magi
  A moth of wrath (shapeshifter) (D:13)
  8 elephants
  2 ice statues
  4 molten gargoyles (D:14)
  38 black mambas
  A guardian serpent (shapeshifter) (D:15)
  3 smoke demons (Lair:5)
  5 orange demons
  2 gargoyles
  A cane toad (shapeshifter) (D:13)
  7 spectral spriggans (Swamp:1)
  Maggie (D:7)
  9 cane toads
  9 komodo dragons
  A kobold demonologist (D:14)
  An unseen horror (D:10)
  2 freezing wraiths
  9 rime drakes
  An efreet (D:14)
  3 tengu conjurers
  11 polar bears
  An ancient zyme (Lair:5)
  A bloated husk (Swamp:4)
  7 trolls
  3 meliai
  A queen bee (D:11)
  A hellwing (Swamp:4)
  Grinder (D:3)
  7 tyrant leeches
  30 blink frogs
  4 hornets
  14 dream sheep
  A water elemental (D:13)
  2 fire elementals (D:12)
  2 shadows
  63 yaks
  2 ynoxinuls (Lair:5)
  12 wyverns
  Eustachio (D:5)
  12 slime creatures
  2 centaur simulacra (D:10)
  6 humans
  An unseen horror simulacrum (D:10)
  10 basilisks
  3 steam dragons
  Grum (D:8)
  42 nagas
  11 vampire mosquitoes
  2 chaos spawn (Lair:5)
  Menkaure (D:5)
  11 swamp worms
  A warg (Orc:2)
  4 water moccasins
  An acid dragon (D:11)
  3 hell hounds
  14 ice beasts
  A swamp drake (Swamp:1)
  18 orc warriors
  2 sky beasts
  4 black bears
  2 meliai simulacra
  14 centaurs
  33 wolves
  13 ogres
  A phantom (D:5)
  A kobold brigand (D:14)
  Blork the orc (D:4)
  14 bullfrogs
  11 small abominations (Lair:5)
  3 gnoll sergeants
  2 scorpions
  20 wights
  22 killer bees
  A howler monkey (D:5)
  An electric eel (Snake:3)
  A hound (D:6)
  3 jellies (Lair:4)
  9 orc priests
  Crazy Yiuf (D:4)
  2 iguanas
  Ijyb (D:3)
  13 orc wizards
  13 hell rats
  21 gnolls
  7 adders
  6 river rats (Sewer)
  8 white imps
  An ufetubus (D:13)
  A worm (D:2)
  2 dart slugs
  41 orcs
  17 ball pythons
  9 endoplasms
  6 giant cockroaches
  2 hobgoblins
  5 jackals
  13 kobolds
  4 quokkas
  10 bats
  8 frilled lizards
  8 goblins
  9 rats
1084 creatures vanquished.

Vanquished Creatures (collateral kills)
  Aizul (Swamp:3)
1 creature vanquished.

Vanquished Creatures (others)
  A bunyip (Swamp:3)
  An ogre mage (Swamp:4)
  A ghost crab (Swamp:1)
  A death yak (Lair:4)
  An orc high priest (Orc:2)
  A spriggan berserker (Swamp:4)
  A death drake (Swamp:2)
  A swamp dragon (Swamp:3)
  2 orc sorcerers
  A naga mage (Snake:3)
  A polar bear (Lair:5)
  3 bloated husks (Swamp:1)
  A tyrant leech (Swamp:2)
  A troll (D:13)
  2 blink frogs (Lair:5)
  7 yaks
  A basilisk (Lair:5)
  A naga (Snake:3)
  A swamp worm (Swamp:2)
  A water moccasin (Lair:5)
  2 wolves (IceCv)
  An orc priest (Orc:2)
  A worm (shapeshifter) (Lair:5)
  14 foxfires
48 creatures vanquished.

Grand Total: 1133 creatures vanquished

Notes
Turn   | Place    | Note
-------+----------+-------------------------------------------
     0 | D:1      | Gabide the Ogre Fighter began the quest for the Orb.
     0 | D:1      | Reached XP level 1. HP: 24/24 MP: 1/1
    44 | D:1      | Reached XP level 2. HP: 28/32 MP: 2/2
   144 | D:1      | Reached XP level 3. HP: 31/40 MP: 3/3
   640 | D:2      | Reached skill level 5 in Fighting
   700 | D:2      | Reached XP level 4. HP: 16/50 MP: 4/4
  1551 | D:3      | Noticed Grinder
  1553 | D:3      | Paralysed by Grinder for 3 turns
  1563 | D:3      | Killed Grinder
  1564 | D:3      | Reached skill level 6 in Fighting
  1564 | D:3      | Reached XP level 5. HP: 32/59 MP: 5/5
  1564 | D:3      | Reached XP level 6. HP: 36/67 MP: 6/6
  1961 | D:3      | Found a glowing drain.
  1981 | Sewer    | Entered a sewer
  2498 | Sewer    | Reached skill level 5 in Shields
  3405 | D:4      | Reached XP level 7. HP: 75/75 MP: 7/7
  3500 | D:4      | Found Jadorph's Jewellery Boutique.
  3673 | D:4      | Noticed a +0 demon trident
  3714 | D:4      | Noticed Blork the orc
  3726 | D:4      | Killed Blork the orc
  3727 | D:4      | Reached skill level 5 in Maces & Flails
  4029 | D:4      | Found Zitrit's Assorted Antiques.
  4034 | D:4      | Bought a scroll of identify for 40 gold pieces
  4034 | D:4      | Bought a glowing glass ring for 100 gold pieces
  4034 | D:4      | Bought a tourmaline ring for 100 gold pieces
  4076 | D:4      | Noticed Ijyb
  4077 | D:4      | Found Xegeaky's Distillery.
  4104 | D:4      | HP: 2/75 [constriction (6)]
  4592 | D:3      | Killed Ijyb
  4714 | D:4      | Found Etugh's Distillery.
  4840 | D:4      | Noticed a +0 executioner's axe
  4856 | D:4      | Found Zofo's Weapon Emporium.
  5103 | D:4      | Found a runed translucent door.
  5104 | D:4      | Noticed Crazy Yiuf
  5110 | D:4      | Killed Crazy Yiuf
  5129 | D:5      | Entered Level 5 of the Dungeon
  5181 | D:5      | Found a staircase to the Ecumenical Temple.
  5184 | D:5      | Noticed Menkaure
  5191 | D:5      | Killed Menkaure
  5205 | Temple   | Entered the Ecumenical Temple
  5243 | Temple   | Became a worshipper of Elyvilon the Healer
  5328 | D:5      | Reached XP level 8. HP: 79/83 MP: 8/8
  5375 | D:5      | Noticed Eustachio
  5400 | D:5      | Killed Eustachio
  5949 | D:5      | Reached * piety under Elyvilon
  6077 | D:5      | Noticed a shadow
  6087 | D:5      | Killed a shadow
  6819 | D:6      | Reached ** piety under Elyvilon
  7064 | D:6      | Reached XP level 9. HP: 68/89 MP: 9/9
  7845 | D:6      | Reached skill level 10 in Maces & Flails
  8493 | D:7      | Reached *** piety under Elyvilon
  8735 | D:7      | Reached XP level 10. HP: 26/98 MP: 10/10
  9286 | D:7      | Found Culoshrex's Book Shop.
  9520 | D:7      | Noticed Maggie
  9540 | D:7      | Killed Maggie
 10601 | D:8      | Noticed Grum
 10639 | D:8      | Killed Grum
 10931 | D:8      | Reached **** piety under Elyvilon
 11283 | D:9      | Noticed a two-headed ogre
 11292 | D:9      | Killed a two-headed ogre
 11413 | D:9      | Reached XP level 11. HP: 77/105 MP: 11/11
 11558 | D:9      | Noticed Amaemon
 11631 | D:8      | Killed Amaemon
 11969 | D:9      | Reached skill level 1 in Armour
 12055 | D:9      | Noticed a two-headed ogre
 12072 | D:9      | Killed a two-headed ogre
 12474 | D:9      | Noticed Pikel
 12485 | D:9      | Killed Pikel
 12734 | D:10     | Entered Level 10 of the Dungeon
 13057 | D:10     | Reached skill level 5 in Armour
 13454 | D:10     | Noticed a two-headed ogre
 13465 | D:10     | Killed a two-headed ogre
 13471 | D:10     | Noticed ripuliukko's ghost (novice DEEE)
 13488 | D:10     | Reached ***** piety under Elyvilon
 13502 | D:10     | Reached skill level 1 in Invocations
 13526 | D:10     | Found a runed translucent gate.
 13526 | D:10     | Found a runed translucent gate.
 13526 | D:10     | Found a runed translucent gate.
 13547 | D:10     | Found a staircase to the Orcish Mines.
 14014 | D:10     | Found a burning altar of Makhleb.
 14207 | D:11     | Reached skill level 7 in Fighting
 14289 | D:11     | Noticed puimuR's ghost (novice VSVM)
 14330 | D:11     | Found a staircase to the Lair.
 14336 | D:11     | Identified the +6 war axe of the Solemn God {antimagic,
                  | Fragile rCorr Stlth+}
 14382 | D:11     | Noticed a two-headed ogre
 14388 | D:11     | Killed a two-headed ogre
 14389 | D:11     | Reached XP level 12. HP: 118/118 MP: 14/14
 14533 | D:11     | Found a shimmering blue altar of Sif Muna.
 14642 | D:11     | Noticed Gastronok
 14667 | D:11     | Killed Gastronok
 14668 | D:11     | Reached skill level 8 in Fighting
 14815 | D:11     | Found a transporter.
 14819 | D:11     | Found a transporter.
 14969 | Lair:1   | Entered Level 1 of the Lair of Beasts
 15142 | Lair:1   | Reached skill level 5 in Invocations
 15457 | Lair:1   | Reached skill level 9 in Fighting
 16077 | Lair:2   | Noticed Nergalle
 16085 | Lair:2   | Noticed a boulder beetle
 16087 | Lair:2   | Killed Nergalle
 16324 | Lair:1   | Killed a boulder beetle
 16612 | Lair:2   | Reached skill level 10 in Fighting
 16679 | Lair:2   | Reached skill level 5 in Dodging
 16869 | Lair:2   | Found a staircase to the Swamp.
 16974 | Lair:2   | Noticed an eight-headed hydra
 16980 | Lair:2   | Pacified an eight-headed hydra
 17133 | Lair:2   | Found a staircase to the Snake Pit.
 17355 | Lair:2   | Reached skill level 11 in Fighting
 17387 | Lair:2   | Reached XP level 13. HP: 97/137 MP: 18/18
 17550 | Lair:2   | Found a hide-covered altar of Uskayaw.
 17918 | Lair:2   | Reached ****** piety under Elyvilon
 18681 | Lair:3   | Reached skill level 12 in Fighting
 20037 | Lair:4   | Found a staircase to the Slime Pits.
 20040 | Lair:4   | Found a viscous altar of Jiyva.
 20063 | Lair:4   | Reached skill level 13 in Fighting
 20329 | Lair:4   | Reached skill level 10 in Invocations
 21487 | Lair:4   | Reached skill level 14 in Fighting
 21550 | Lair:4   | Reached XP level 14. HP: 60/157 MP: 22/22
 21798 | Lair:5   | Entered Level 5 of the Lair of Beasts
 22161 | Lair:5   | Reached skill level 15 in Fighting
 23776 | Lair:4   | Reached skill level 16 in Fighting
 25054 | Lair:5   | Reached skill level 17 in Fighting
 25260 | Lair:5   | Found a corrupted altar of Lugonu.
 25260 | Lair:5   | Found a one-way gate to the infinite horrors of the Abyss.
 25930 | D:4      | Bought the amulet "Ginayl Cudo" {Faith rElec rC+ Stlth+}
                  | for 893 gold pieces
 26074 | D:10     | Killed ripuliukko's ghost
 26113 | D:10     | Reached XP level 15. HP: 171/174 MP: 25/25
 26220 | D:11     | Killed puimuR's ghost
 26389 | D:12     | Noticed Azrael
 26420 | D:12     | Killed Azrael
 27150 | D:12     | Reached skill level 18 in Fighting
 27223 | D:12     | Found a runed translucent gate.
 27223 | D:12     | Found a runed translucent gate.
 27223 | D:12     | Found a runed translucent gate.
 27223 | D:12     | Noticed an acid blob
 27223 | D:12     | Noticed an azure jelly
 27223 | D:12     | Noticed an acid blob
 27224 | D:12     | Noticed an acid blob
 27224 | D:12     | Noticed NoOffense's ghost (journeyman SpDe)
 27224 | D:12     | Noticed an azure jelly
 27290 | D:12     | Found Neygusasm's Distillery.
 27298 | D:12     | Bought a potion of might for 52 gold pieces
 27533 | D:12     | Found a viscous altar of Jiyva.
 27626 | D:13     | Noticed Lodul
 27892 | D:13     | Killed Lodul
 27987 | D:13     | Found a frozen archway.
 28081 | IceCv    | Entered an ice cave
 28386 | IceCv    | Reached skill level 15 in Invocations
 29044 | IceCv    | Noticed a frost giant
 29047 | IceCv    | Pacified a frost giant
 29072 | IceCv    | Found the +4 skin of Zhor {*Englaciate rC+++ SInv}
 29211 | IceCv    | Got the Volume of Assembling
 29543 | D:13     | Reached skill level 19 in Fighting
 29882 | D:13     | Found the +12 glaive of Prune {freeze, Prune}
 30997 | D:14     | Reached XP level 16. HP: 124/192 MP: 28/28
 31236 | D:14     | Found a gate to the Vaults.
 31422 | D:14     | Reached skill level 20 in Fighting
 32479 | D:15     | Entered Level 15 of the Dungeon
 33715 | D:15     | Found a staircase to the Depths.
 33820 | D:15     | Found a stormy altar of Qazlal.
 34106 | Orc:1    | Entered Level 1 of the Orcish Mines
 34589 | Orc:1    | Reached skill level 21 in Fighting
 34652 | Orc:1    | Identified a scroll of acquirement
 34653 | Orc:1    | Acquired a +2 eveningstar of holy wrath
 34657 | Orc:2    | Entered Level 2 of the Orcish Mines
 34803 | Orc:2    | Found Zuicw's Weapon Emporium.
 34923 | Orc:2    | Noticed Jorgrun
 34934 | Orc:2    | Killed Jorgrun
 35104 | Orc:2    | Found a staircase to the Elven Halls.
 35124 | Orc:2    | Found Kiafor's Armour Emporium.
 36175 | Orc:2    | Found Fyllaimn's Assorted Antiques.
 36205 | Orc:2    | Found Paacia's Magic Scroll Shop.
 36207 | Orc:2    | Found Powkouv's Jewellery Emporium.
 36216 | Orc:2    | Bought a ring of willpower for 425 gold pieces
 36682 | Swamp:1  | Entered Level 1 of the Swamp
 37609 | Swamp:1  | Reached XP level 17. HP: 197/205 MP: 30/30
 37612 | Swamp:1  | Reached skill level 15 in Maces & Flails
 41108 | Swamp:3  | Identified the +1 rapier of Gehenna {venom, rF+}
 42081 | Swamp:3  | Noticed Aizul
 42095 | Swamp:3  | Killed Aizul
 42723 | Swamp:4  | Entered Level 4 of the Swamp
 42806 | Swamp:4  | Noticed a tentacled monstrosity
 42820 | Swamp:4  | Killed a tentacled monstrosity
 43524 | Swamp:4  | Reached XP level 18. HP: 76/215 MP: 31/31
 44082 | Swamp:4  | Noticed a tentacled monstrosity
 44091 | Swamp:4  | Killed a tentacled monstrosity
 44910 | Swamp:4  | Got a decaying rune of Zot
 45366 | Snake:1  | Entered Level 1 of the Snake Pit
 47259 | Snake:1  | Found Egoeg's Jewellery Emporium.
 47279 | Snake:1  | Bought the ring "Eto Ramp" {Fire Fly rCorr Str-2 Slay+3
                  | SInv} for 575 gold pieces
 47279 | Snake:1  | Bought the ring "Putsoedusm" {Will+ Str+3} for 421 gold
                  | pieces
 47550 | Snake:1  | Identified the +0 scale mail of Muf Nam {rN++ Int-2 Dex+3}
 47552 | Snake:1  | Got Sif Muna's Anthology of Filth and the Voyage
 47617 | Snake:2  | Found a runed translucent door.
 47617 | Snake:2  | Noticed Zlot's ghost (adept DsBr)
 47675 | Snake:2  | Killed Zlot's ghost
 48631 | Snake:2  | Reached skill level 22 in Fighting
 49095 | Snake:2  | Identified the +5 arbalest "Ox" {penet, rN+}
 50711 | Snake:3  | Reached XP level 19. HP: 228/228 MP: 32/32
 51244 | Snake:3  | Noticed Louise
 51295 | Snake:3  | Killed Louise
 52494 | Snake:3  | Reached skill level 23 in Fighting
 53179 | Snake:4  | Entered Level 4 of the Snake Pit
 54516 | Snake:4  | Found Limmats's Antique Armour Shoppe.
 56721 | Snake:3  | Reached skill level 24 in Fighting
 57479 | Snake:4  | HP: 9/234 [salamander mystic/lance of force (29)]
 57479 | Snake:4  | Elyvilon protects you from harm!
 57479 | Snake:4  | Elyvilon protects you from harm!
 57479 | Snake:4  | Shot with an arrow by a naga sharpshooter

Illustrated notes

Levels and vault maps discovered:
D:1:      onia_arrival_handbag, layout_rooms
D:2:      layout_basic, minmay_pentomino_v2
D:3:      layout_basic, portal_sewer_entry_b, uniq_grinder
D:4:      layout_gridville, serial_shops, nicolae_shop_crystal,
          nicolae_shop_hallway_plus, shop_fountains, nicolae_shop_mannequins,
          nicolae_shop_tiny_real_fake_doors, minmay_misc_feat_secret_circle,
          uniq_crazy_yiuf_cottage, uniq_blork_the_orc, uniq_ijyb
D:5:      layout_layer_cave, minmay_temple_entry_tees, chequers_avenue,
          minmay_misc_feat_plants, corexii_corridor_pit, uniq_menkaure,
          uniq_eustachio
D:6:      layout_gridville
D:7:      layout_loops_ring, serial_shops, shop, minmay_manual_mail, uniq_maggie
D:8:      layout_cave_pools, uniq_grum
D:9:      layout_gridville, uniq_pikel, uniq_amaemon
D:10:     layout_roguey, lightli_temple_of_fire, orc_0_dummy,
          gammafunk_ghost_icy, minmay_diced_spiral
D:11:     layout_roguey, lair_entry_dummy, gammafunk_ghost_hive,
          nicolae_sif_muna_condensation, uniq_gastronok
D:12:     layout_basic, serial_shops, nicolae_shop_peninsula,
          gammafunk_ghost_ooze, uniq_azrael
D:13:     minmay_cut_squares, layout_grid_maze, serial_ice, serial_ice_b,
          serial_ice_l, serial_ice_a, serial_ice_h, portal_ice_cave_rime,
          uniq_lodul
D:14:     cheibrodos_statue_roulette, layout_loops_ring,
          ximxim_vaults_locker_room, serial_rivers,
          chequers_serial_rivers_marsh, chequers_serial_rivers_large_b,
          chequers_serial_rivers_small_3, chequers_serial_rivers_large_a,
          chequers_hall_statues_wall_a, kennysheep_flooded_box
D:15:     grunt_enter_depths_hoard, layout_basic,
          hangedman_abyss_or_decor_passed, special_room
          [special_room_mythical_zoo], nicolae_qazlal_general_emergency
Temple:   compressed_dpeg_circular_temple
Lair:1:   layout_cave_shapes
Lair:2:   layout_regular_city, swamp_mist, minmay_snake_entry_guardpost_small,
          lemuel_centaur_altar, uniq_nergalle
Lair:3:   layout_cave_pods, kennysheep_basilisk_garden
Lair:4:   slaughterhouse, layout_loops_ring, nicolae_slime_entry_field_trip
Lair:5:   hellmonk_lair_end_abyssal_woods, layout_hall_layers, ice2_lemuel,
          infiniplex_staircase_pool_2, lemuel_fruit_fields
Swamp:1:  nicolae_swamp_flooded_prison, layout_basic_swamp,
          nicolae_swamp_dense_foliage, swamp_pool5,
          nicolae_swamp_alligator_family, infiniplex_staircase_pool
Swamp:2:  nicolae_swamp_ascending_descending, layout_basic_swamp,
          hangedman_swamp_blocks, swamp_pool5
Swamp:3:  layout_basic_swamp, serial_swamp_ruin, evilmike_swamp_ruin_house_4,
          evilmike_swamp_ruin_house_2, swamp_pool3, nicolae_swamp_bunyip_nook,
          uniq_aizul
Swamp:4:  nzn_swamp_witches_coven, layout_basic_swamp
Snake:1:  minmay_snake_river, layout_grid_maze, special_room, serial_shops,
          shop_statue, nicolae_snake_gridmaze_entwining, drop_trap,
          serial_bayou_shore_b
Snake:2:  layout_layer_cave, hellmonk_ghost_happy_afterlife
Snake:3:  layout_basic, nrook_loot_triangle, nicolae_snake_snakewalk,
          uniq_louise
Snake:4:  snake_pit, layout_onion_interference, serial_shops, shop,
          grunt_megastairs_2
Orc:1:    layout_caves
Orc:2:    st_orc_elflike, layout_diamond_mine, serial_shops,
          nicolae_lakefront_shop, elves_outpost_lemuel, uniq_jorgrun

Skill      XL: |  1  2  3  4  5  6  7  8  9 10 11 12 13 14 15 16 17 18 19 |
---------------+----------------------------------------------------------+-----
Maces & Flails | 2 4 6 8 10 13 14 16 | 16.0
Dodging        | 3 5 6 8 9 |  9.0
Fighting       | 5 6 7 11 14 17 19 21 22 24 | 24.0
Shields        | 4 5 6 7 9 |  9.0
Armour         | 6 7 9 |  9.0
Invocations    | 3 7 11 13 16 18 19 20 | 20.6

Action                     |  1- 3 |  4- 6 |  7- 9 | 10-12 | 13-15 | 16-18 | 19-21 || total
---------------------------+-------+-------+-------+-------+-------+-------+-------++-------
  Melee: Flail             |    95 |   174 |   320 |   800 |  1456 |   277 |       ||  3122
         Eveningstar       |       |       |       |       |       |  1262 |   517 ||  1779
  Throw: Javelin           |       |     1 |    36 |    35 |    24 |    46 |    15 ||   157
         Throwing net      |       |       |     1 |     3 |       |       |       ||     4
         Dart              |       |       |     7 |    20 |       |       |       ||    27
 Invoke: Heal Other        |       |       |       |     3 |    20 |    43 |     6 ||    72
         Divine Vigour     |       |       |       |       |     3 |     1 |       ||     4
         Heal Self         |       |       |       |       |     2 |     6 |     3 ||    11
         Purification      |       |       |       |       |       |     4 |     2 ||     6
  Evoke: Wand              |       |       |     1 |    18 |    22 |       |       ||    41
    Use: Scroll            |     2 |     6 |     8 |     9 |     8 |     9 |       ||    42
         Potion            |       |     2 |     1 |     4 |     6 |    15 |     4 ||    32
   Stab: Held in net/web   |       |       |       |     2 |       |       |       ||     2
         Sleeping          |       |       |       |       |     2 |     4 |     1 ||     7
         Distracted        |       |       |       |       |     2 |       |     1 ||     3
         Invisible         |       |       |       |       |       |     2 |       ||     2
 Armour: Robe              |    36 |    87 |    39 |     9 |       |       |       ||   171
         Acid dragon scale |       |       |       |   162 |   253 |       |       ||   415
         Skin              |       |       |       |     3 |       |       |       ||     3
         Animal skin       |       |       |       |       |    60 |   175 |       ||   235
         Swamp dragon scal |       |       |       |       |       |   170 |   160 ||   330
  Dodge: Dodged            |    34 |    94 |   171 |   495 |  1043 |   709 |   183 ||  2729
  Block: Kite shield       |    38 |   116 |   159 |   403 |   691 |   620 |   309 ||  2336
         Reflection        |       |       |       |       |       |     8 |    53 ||    61
